 Dungeon Crawl Stone Soup version 0.17-a0-18-gc25b939 (webtiles) character file.

1472 Herrn the Destroyer (level 8, -2/46 HPs)
             Began as a Tengu Conjurer on Mar 12, 2015.
             Was an Initiate of Cheibriados.
             Hit by a tomahawk thrown by a merfolk (7 damage)
             ... created by the fury of Okawaru
             ... on level 6 of the Dungeon.
             The game lasted 00:26:25 (7689 turns).

Herrn the Destroyer (Tengu Conjurer)                Turns: 7689, Time: 00:26:26

Health: -2/46      AC:  3    Str:  9    XL:     8   Next: 78%
Magic:  9/16       EV: 16    Int: 20    God:    Cheibriados [......]
Gold:   76         SH:  0    Dex: 17    Spells: 2 memorised, 6 levels left

rFire  + . .     SeeInvis .     n - +4 dagger (venom)
rCold  . . .     Clarity  .     h - +0 robe
rNeg   . . .     SustAb   .     (no shield)
rPois  +         Gourm    .     (helmet restricted)
rElec  .         Spirit   .     (no cloak)
rCorr  .         Warding  .     E - +0 pair of gloves
rMut   +         Stasis   .     (boots unavailable)
MR     .....                    u - amulet of resist mutation
Stlth  ++........               g - ring of protection from fire
                                w - ring of poison resistance

@: very slightly contaminated, very slow, not resistant to hostile enchantments,
unstealthy
A: able to fly, beak, talons 3, clever 1
a: Fly, Bend Time, Renounce Religion


You were on level 6 of the Dungeon.
You worshipped Cheibriados.
Cheibriados was noncommittal.
You were not hungry.

You visited 2 branches of the dungeon, and saw 7 of its levels.
You also visited: Sewer.

You collected 300 gold pieces.
You spent 224 gold pieces at shops.

Inventory:

Hand weapons
 i - a +0 mace
 n - a +4 dagger of venom (weapon)
 t - a +0 whip
 B - the +7 dagger of Experimentation {freeze, +Blink rN+ MP+9 Dex+4}
   (You found it on level 4 of the Dungeon)

   It has been specially enchanted to freeze those struck by it, causing extra
   injury to most foes and up to half again as much damage against particularly
   susceptible opponents.
   It can also slow down cold-blooded creatures.
   It affects your dexterity (+4).
   It protects you from negative energy.
   It affects your magic capacity (+9).
   It lets you blink.
Armour
 h - a +0 robe (worn)
 x - a +0 plate armour
 E - a +0 pair of gloves (worn)
 F - a +0 ring mail
Jewellery
 g - a ring of protection from fire (right hand)
 u - an amulet of resist mutation (around neck)
 w - a ring of poison resistance (left hand)
Magical devices
 j - a wand of paralysis (6)
 G - a wand of fire (2)
Scrolls
 e - 2 scrolls of fog
 k - 4 scrolls of enchant armour
 l - 4 scrolls of enchant weapon
 m - 2 scrolls of magic mapping
 q - 2 scrolls of remove curse
 v - 2 scrolls of random uselessness
Potions
 f - 4 potions of curing
 o - a potion of flight
 p - a potion of restore abilities
 r - a potion of haste
 z - 2 potions of agility {unknown}
Books
 c - a book of Conjurations

   Spells                             Type                      Level
   a - Magic Dart                     Conjuration                  1
   b - Searing Ray                    Conjuration                  2
   c - Dazzling Spray                 Conjuration/Hexes            3
   d - Fulminant Prism                Conjuration/Hexes            4
   e - Iskenderun's Mystic Blast      Conjuration                  4
   f - Iskenderun's Battlesphere      Conjuration/Charms           5
Comestibles
 b - 2 bread rations
 A - a chunk of flesh


   Skills:
 * Level 3.5 Fighting
 * Level 3.3 Maces & Flails
 * Level 4.2 Armour
 * Level 6.4 Dodging
 - Level 2.0 Stealth
 - Level 2.0 Spellcasting
 + Level 9.4 Conjurations
 * Level 1.1 Invocations


You had 6 spell levels left.
You knew the following spells:

 Your Spells              Type           Power        Failure   Level  Hunger
a - Magic Dart            Conj           ####         1%          1    #......
b - Iskenderun's Mystic   Conj           #####...     4%          4    #####..


Dungeon Overview and Level Annotations

Branches:
Dungeon (6/15)             Temple (1/1) D:4

Altars:
Ashenzari
Cheibriados
Dithmenos
Elyvilon
Fedhas
Gozag
Kikubaaqudgha
Nemelex Xobeh
Okawaru
Qazlal
Sif Muna
Trog
Vehumet
Yredelemnul
The Shining One

Shops:
D:5 ?!?

Annotations:
D:3 Grinder


Innate Abilities, Weirdness & Mutations

You can fly.
You have a beak for a mouth.
You have claws for feet.
Your mind is acute. (Int +2)


Message History

Unknown command.
Read which item? (? for menu, Esc to quit)
Blink to where?
Press: ? - help, Dir - move target cursor You are very lightly contaminated with residual magic.
As you read the scroll labeled SHEOKU KHAMA, it crumbles to dust.
It was a scroll of blinking.
A giant gecko and a goliath beetle come into view.
The merfolk throws a tomahawk.
The tomahawk barely misses you.
The tomahawk disappears in a puff of smoke!
A kobold comes into view. It is wielding a whip.
The goliath beetle twitches its antennae in your direction.
The kobold shouts!
A giant frog comes into view.
The giant frog moves out of view.
The merfolk throws a tomahawk.
The tomahawk hits you!
* * * LOW HITPOINT WARNING * * *
The tomahawk disappears in a puff of smoke!
The merfolk throws a tomahawk.
The tomahawk hits you!
You die...

.#..##..................
...(.............o.......
.................m.......
.................m.......
#.....
..s..........B.....
...... ........#.........
#.... ..................
.. .......[.l####...
########@....# ..
#.###..... #K# ### #.#
#.# ... ... ... ...


You could see 2 merfolk, a goliath beetle, an orc warrior, a giant mite
(sleeping), a giant gecko and a kobold.

Vanquished Creatures
  2 sky beasts (D:5)
  An orc warrior (D:6)
  An ogre (Temple)
  2 phantoms
  A centaur (D:6)
  A big kobold (Sewer)
  3 wights (D:6)
  2 scorpions
  An orc priest (D:6)
  3 orc wizards
  3 hounds (D:5)
  A giant frog skeleton (D:4)
  3 worker ants
  Ijyb (D:4)
  Jessica (D:2)
  A hound skeleton (D:3)
  3 gnolls (D:3)
  9 adders
  A worm (D:2)
  An adder skeleton (D:6)
  An adder zombie (D:3)
  4 giant geckos
  2 oozes (D:2)
  13 orcs
  2 ball pythons
  A bat skeleton (D:3)
  A bat zombie (D:5)
  5 giant cockroaches
  13 goblins
  9 hobgoblins
  2 jackals (Sewer)
  2 quokkas
  9 bats
  A giant cockroach zombie (D:3)
  2 giant gecko zombies
  6 giant newts
  14 kobolds
  A quokka zombie (D:3)
  15 rats
144 creatures vanquished.

Notes
Turn   | Place    | Note
--------------------------------------------------------------
     0 | D:1      | Herrn, the Tengu Conjurer, began the quest for the Orb.
     0 | D:1      | Reached XP level 1. HP: 10/10 MP: 3/3
   583 | D:1      | Reached XP level 2. HP: 15/15 MP: 3/5
   827 | D:1      | Reached XP level 3. HP: 18/20 MP: 0/7
  1065 | D:1      | Reached skill level 1 in Armour
  1378 | D:2      | Reached skill level 6 in Conjurations
  1397 | D:2      | Noticed Jessica
  1400 | D:2      | Killed Jessica
  1447 | D:2      | Reached XP level 4. HP: 24/24 MP: 3/8
  1659 | D:2      | Reached skill level 1 in Fighting
  2124 | D:2      | Found a glowing golden altar of the Shining One.
  2549 | D:2      | Reached XP level 5. HP: 29/29 MP: 9/11
  2679 | D:3      | Noticed Grinder
  2940 | D:3      | Found a glowing drain.
  2969 | D:3      | Reached skill level 1 in Maces & Flails
  2991 | Sewer    | Entered a sewer
  3164 | Sewer    | Reached skill level 7 in Conjurations
  3387 | Sewer    | Found a glowing silver altar of Zin.
  3503 | D:3      | Reached XP level 6. HP: 35/35 MP: 6/12
  3967 | D:3      | Found a blossoming altar of Fedhas.
  4314 | D:4      | Got a scorched dagger
  4315 | D:4      | Identified the +7 dagger of Experimentation {freeze, +Blink rN+ MP+9 Dex+4} (You found it on level 4 of the Dungeon)
  4346 | D:4      | Reached skill level 8 in Conjurations
  4424 | D:4      | Learned a level 4 spell: Iskenderun's Mystic Blast
  4649 | D:4      | Found a staircase to the Ecumenical Temple.
  4655 | Temple   | Entered the Ecumenical Temple
  4675 | Temple   | Reached XP level 7. HP: 23/40 MP: 12/14
  4825 | Temple   | Became a worshipper of Warmaster Okawaru
  4970 | D:4      | Noticed Ijyb
  4976 | D:4      | Killed Ijyb
  5297 | D:5      | Entered Level 5 of the Dungeon
  5320 | D:5      | Found Inye's Distillery.
  5328 | D:5      | Bought 2 potions of mutation for 60 gold pieces
  5328 | D:5      | Gained mutation: Your mind is acute. (Int +2) [potion of mutation]
  5661 | D:5      | Acquired Okawaru's first power
  5681 | D:5      | Found Kluem's Magic Scroll Boutique.
  5693 | D:5      | Bought a scroll of magic mapping for 45 gold pieces
  5693 | D:5      | Bought a scroll of enchant armour for 97 gold pieces
  5733 | D:5      | Found Lamigo's Magic Scroll Shoppe.
  5737 | D:5      | Bought a scroll of identify for 22 gold pieces
  5834 | D:5      | Reached skill level 5 in Dodging
  6014 | D:5      | Reached XP level 8. HP: 37/46 MP: 12/16
  6443 | D:6      | Reached skill level 9 in Conjurations
  7297 | D:6      | Found a snail-covered altar of Cheibriados.
  7566 | D:6      | Fell from the grace of Okawaru
  7566 | D:6      | Became a worshipper of Cheibriados the Contemplative
  7594 | D:6      | Reached skill level 1 in Invocations
  7599 | D:6      | HP: 2/46 [orc wizard/magic dart (8)]
  7684 | D:6      | Noticed a merfolk impaler
  7684 | D:6      | Noticed a merfolk
  7684 | D:6      | Noticed a merfolk
  7684 | D:6      | Noticed a merfolk
  7689 | D:6      | Hit by a tomahawk thrown by a merfolk

Action                   |  1- 3 |  4- 6 |  7- 9 || total
-------------------------+-------+-------+-------++-------
Melee: Unarmed           |     3 |       |       ||     3
       Club              |     9 |       |       ||     9
       Dagger            |       |    27 |    49 ||    76
       Mace              |       |     5 |       ||     5
 Cast: Magic Dart        |    50 |   169 |   113 ||   332
       Iskenderun's Myst |       |       |     7 ||     7
 Abil: Fly               |       |     1 |     1 ||     2
  Use: Potion            |       |     2 |     3 ||     5
       Scroll            |       |     2 |    11 ||    13
  Eat: Chunk             |     1 |    12 |     8 ||    21
       Fruit             |       |     3 |       ||     3
       Bread ration      |       |       |     1 ||     1
       Pizza             |       |       |     1 ||     1
